 Dungeon Crawl Stone Soup version 0.17-a0-1678-g710b578 (webtiles) character file.

308 Leibowitz the Cutter (level 6, -2/58 HPs)
             Began as a Kobold Berserker on Aug 19, 2015.
             Was a Believer of Trog.
             Slain by a killer bee (9 damage)
             ... on level 4 of the Dungeon.
             The game lasted 00:14:14 (3180 turns).

Leibowitz the Cutter (Kobold Berserker)             Turns: 3180, Time: 00:14:14

Health: -2/58      AC:  3    Str: 20    XL:     6   Next: 68%
Magic:  6/6        EV: 16    Int:  5    God:    Trog [**....]
Gold:   136        SH:  6    Dex: 21    Spells: 0 memorised, 5 levels left

rFire  . . .     SeeInvis .     a - +0 rapier
rCold  . . .     Clarity  .     p - +0 leather armour {MR+}
rNeg   . . .     SustAt   .     b - +0 buckler
rPois  .         Gourm    .     (no helmet)
rElec  .         Spirit   .     (no cloak)
rCorr  .         Warding  .     (no gloves)
rMut   .         Stasis   .     (no boots)
MR     +++..                    (no amulet)
Stlth  ..........               n - ring of flight
                                k - +3 ring of dexterity (curse)

@: berserking, lethally poisoned (-2 -> -3), regenerating, very quick, extremely
resistant to hostile enchantments, extremely unstealthy
A: carnivore 3
a: Burn Spellbooks, Berserk, Trog's Hand, Renounce Religion, Evoke Flight


You were on level 4 of the Dungeon.
You worshipped Trog.
Trog was pleased with you.
You were very full.

You visited 1 branch of the dungeon, and saw 4 of its levels.

You collected 136 gold pieces.

Inventory:

Hand weapons
 a - a +0 rapier (weapon)
Missiles
 u - 24 poisoned needles
Armour
 b - a +0 buckler (worn)
 p - a +0 leather armour of magic resistance (worn)
Jewellery
 k - a cursed +3 ring of dexterity (left hand)
 n - a ring of flight (right hand)
Magical devices
 z - a wand of frost (16)
Scrolls
 d - a scroll of immolation {unknown}
 g - 4 scrolls of remove curse {unknown}
 i - a scroll of fear {unknown}
 m - 8 scrolls of identify {unknown}
 q - 2 scrolls of recharging {unknown}
 w - 2 scrolls of teleportation {unknown}
 x - a scroll of enchant weapon {unknown}
 y - a scroll of enchant armour {unknown}
 A - a scroll of random uselessness {unknown}
Potions
 e - 2 potions of cancellation {unknown}
 h - 2 potions of curing {unknown}
 j - a potion of heal wounds {unknown}
 l - a potion of magic {unknown}
 r - a potion of ambrosia {unknown}
 s - a potion of agility {unknown}
 t - a potion of might
 v - a potion of berserk rage {unknown}
Comestibles
 c - 3 meat rations
 f - 2 beef jerkies
 o - 2 slices of pizza


   Skills:
 * Level 4.6 Fighting
 * Level 5.8 Short Blades
 + Level 2.0 Armour
 * Level 3.8 Dodging
 * Level 3.5 Stealth
 * Level 1.2 Shields


You had 5 spell levels left.
You didn't know any spells.

Dungeon Overview and Level Annotations

Branches:
Dungeon (4/15)
 Temple: D:4-7

Altars:
Yredelemnul

Annotations:
D:4 Grinder


Innate Abilities, Weirdness & Mutations

You are small and have problems with some larger weapons.
You are carnivorous and can eat meat at any time.


Message History

The killer bee stings you.
* * * LOW HITPOINT WARNING * * *
You are more poisoned.
The killer bee poisons you!
Use which ability? (? or * to list)
A red film seems to cover your vision as you go berserk!
You feel yourself moving faster!
You feel mighty!
You feel somewhat less full.
You feel the effects of Trog's Hand fading.
You feel sick.
The killer bee stings you but does no damage.
You block the killer bee's attack.
You barely miss the killer bee.
You feel sick. The killer bee stings you!
* * * LOW HITPOINT WARNING * * *
You puncture the killer bee!
The killer bee is heavily wounded.
The killer bee misses you.
You puncture the killer bee!
The killer bee is almost dead.
You block the killer bee's attack. The killer bee stings you!
You die...

#....(y# #............#
#.# ############.# #.#
#.# #†# #.# #y#######
#.#
#.....).############.###
#######y..........##...#
#y#########.###.## #@#
#.###.# ### #.))..#
#.###.# ### ###


You could see 2 killer bees.

Vanquished Creatures
  2 killer bees (D:4)
  An orc wizard (D:4)
  An iguana (D:4)
  A worker ant (D:4)
  3 adders
  4 gnolls (D:4)
  2 oozes (D:3)
  A worm (D:2)
  4 giant geckos (D:2)
  10 orcs (D:4)
  A ball python (D:1)
  A giant cockroach (D:4)
  4 goblins
  8 hobgoblins
  3 jackals (D:1)
  A quokka (D:2)
  3 bats
  6 giant newts
  8 kobolds
  9 rats
73 creatures vanquished.

Notes
Turn   | Place    | Note
--------------------------------------------------------------
     0 | D:1      | Leibowitz the Kobold Berserker began the quest for the Orb.
     0 | D:1      | Reached XP level 1. HP: 14/14 MP: 1/1
   399 | D:1      | Reached XP level 2. HP: 19/19 MP: 2/2
   672 | D:1      | Reached XP level 3. HP: 19/24 MP: 3/3
   921 | D:2      | Reached skill level 1 in Stealth
  1086 | D:2      | Acquired Trog's second power
  1460 | D:2      | Reached XP level 4. HP: 29/29 MP: 4/4
  1552 | D:3      | Found a basalt altar of Yredelemnul.
  1950 | D:3      | Reached skill level 5 in Short Blades
  2269 | D:4      | Reached XP level 5. HP: 21/33 MP: 5/5
  2680 | D:4      | Noticed Grinder
  2709 | D:4      | Reached XP level 6. HP: 11/39 MP: 6/6
  2712 | D:4      | Reached skill level 1 in Shields
  3180 | D:4      | Slain by a killer bee

Vault maps used:
D:1:      dpeg_arrival_tiny_j
D:2:      dk_noncrumbling_4, hangedman_decor_opposing,
          kennysheep_generic_room_13
D:3:      yredelemnul_altar_generic, minmay_misc_feat_room
D:4:      first_bread, minmay_cut_off, uniq_grinder

Action                   |  1- 3 |  4- 6 || total
-------------------------+-------+-------++-------
Melee: Short sword       |   111 |       ||   111
       Rapier            |    10 |   151 ||   161
Throw: Tomahawk          |       |     2 ||     2
Invok: Berserk           |       |     3 ||     3
       Trog's Hand       |       |     3 ||     3
 Abil: Evoke Flight      |     1 |       ||     1
 Stab: Sleeping          |     8 |     7 ||    15
       Distracted        |     1 |     1 ||     2
  Eat: Chunk             |    10 |     8 ||    18
